 Dungeon Crawl Stone Soup version 0.18.1-48-g4cf74bf (webtiles) character file.

105 Heedrag the Chopper (level 4, -8/41 HPs)
             Began as a Minotaur Fighter on Aug 6, 2016.
             Mangled by junkhipster's ghost (11 damage)
             ... on level 3 of the Dungeon.
             The game lasted 00:05:03 (2159 turns).

Heedrag the Chopper (Minotaur Fighter)              Turns: 2159, Time: 00:05:03

Health: -8/41      AC:  6    Str: 22    XL:     4   Next: 54%
Magic:  3/3        EV:  7    Int:  5    God:
Gold:   63         SH:  9    Dex:  9    Spells: 0 memorised, 3 levels left

rFire  . . .     SeeInvis .     a - +0 war axe
rCold  . . .     Gourm    .     b - +0 scale mail
rNeg   . . .     Faith    .     c - +0 shield
rPois  .         Spirit   .     (helmet restricted)
rElec  .         Dismiss  .     (no cloak)
rCorr  .         Reflect  .     (no gloves)
SustAt .         Harm     .     (no boots)
MR     .....                    (no amulet)
Stlth  ..........               (no ring)
                                (no ring)

@: not resistant to hostile enchantments, extremely unstealthy
A: retaliatory headbutt, horns 2
a: no special abilities


You were on level 3 of the Dungeon.
You were not hungry.

You visited 1 branch of the dungeon, and saw 3 of its levels.

You collected 63 gold pieces.

Inventory:

Hand Weapons
 a - a +0 war axe (weapon)
Armour
 b - a +0 scale mail (worn)
 c - a +0 shield (worn)
Jewellery
 l - an uncursed ring of fire
Scrolls
 e - 3 scrolls of noise {unknown}
 g - a scroll of random uselessness {unknown}
 i - 2 scrolls of remove curse {unknown}
 j - a scroll of teleportation {unknown}
 m - a scroll of enchant armour {unknown}
 p - a scroll of identify {unknown}
 q - a scroll of enchant weapon {unknown}
Potions
 d - a potion of might
 k - a potion of cure mutation {unknown}
Comestibles
 f - a bread ration
 h - 5 fruits
 n - a meat ration
 o - a slice of pizza
 r - 9 chunks of flesh


   Skills:
 + Level 4.7 Fighting
 * Level 5.0 Axes
 - Level 3.6 Armour
 - Level 3.6 Shields


You had 3 spell levels left.
You didn't know any spells.

Dungeon Overview and Level Annotations

Branches:
Dungeon (3/15)

Altars:
Cheibriados
Dithmenos
Yredelemnul

Annotations:
D:3 junkhipster's ghost, weakling GrFi


Innate Abilities, Weirdness & Mutations

You reflexively headbutt those who attack you in melee.
You have a pair of horns on your head.


Message History

* * * LOW HITPOINT WARNIN'
* * * Ye be too injured ta fight recklessly!
Ye be too injured ta fight recklessly!
Ye be too injured ta fight recklessly!
Ye be too injured ta fight recklessly!
Ye be too injured ta fight recklessly!
Yer shield an' scale mail prevent ye from hittin' junkhipster's ghost.
Yer headbutt misses junkhipster's ghost.
Junkhipster's ghost be lightly damaged.
Ye block junkhipster's ghost's attack.
Ye hit junkhipster's ghost.
Junkhipster's ghost be lightly damaged.
Junkhipster's ghost hits ye!
* * * LOW HITPOINT WARNIN'
* * * Junkhipster's ghost says very slowly, "Thar's nay hope."
Ye block junkhipster's ghost's attack.
Ye hit junkhipster's ghost but do nay damage.
Junkhipster's ghost be lightly damaged.
Junkhipster's ghost hits ye!
Ye die...

### ..# ###.### #
#.....# #.#.#.###.#
#.........#
#.###@#)#.#####
#..bW.))..#
#..#####.#############
#. #.............. ..
#.############# .#
#.### ## .#####...#
########. ..........#
#........
.##.......###.######.


You could see junkhipster's ghost and a bat.

Vanquished Creatures
  A gnoll (D:1)
  4 adders (D:2)
  2 worms (D:2)
  5 orcs (D:3)
  7 bats
  3 giant cockroaches
  7 goblins
  3 hobgoblins
  4 jackals (D:2)
  3 giant newts
  6 kobolds
  3 rats
48 creatures vanquished.

Notes
Turn   | Place    | Note
--------------------------------------------------------------
     0 | D:1      | Heedrag the Minotaur Fighter began the quest for the Orb.
     0 | D:1      | Reached XP level 1. HP: 19/19 MP: 0/0
    68 | D:1      | Found a snail-covered altar of Cheibriados.
   267 | D:1      | Reached skill level 3 in Axes
   267 | D:1      | Reached XP level 2. HP: 23/27 MP: 1/1
   878 | D:2      | Reached XP level 3. HP: 33/33 MP: 2/2
   882 | D:2      | Reached skill level 4 in Axes
  1521 | D:2      | Found a basalt altar of Yredelemnul.
  1526 | D:2      | Found a shadowy altar of Dithmenos.
  1532 | D:2      | Reached XP level 4. HP: 38/41 MP: 3/3
  2136 | D:3      | Reached skill level 5 in Axes
  2150 | D:3      | Noticed junkhipster's ghost (weakling GrFi)
  2159 | D:3      | Mangled by junkhipster's ghost

Skill      XL: |  1  2  3  4 |
---------------+-------------+-----
Axes           | 3 4 5 |  5.0
Fighting       | 4 |  4.7
Armour         | |  3.6
Shields        | |  3.6

Action                   |  1- 3 |  4- 6 || total
-------------------------+-------+-------++-------
Melee: War axe           |   122 |    55 ||   177
       Headbutt          |    21 |     4 ||    25
  Eat: Chunk             |     1 |     3 ||     4
Armor: Scale mail        |    55 |    19 ||    74
Dodge: Dodged            |    27 |    16 ||    43
Block: Shield            |    66 |    29 ||    95
